 Dungeon Crawl Stone Soup version 0.28.0-43-g3370ac3207 (webtiles) character file.

Game seed: 10308172200168784062

18820 Woods the Thaumaturge (level 12, -9/77 HPs)
             Began as a Gargoyle Ice Elementalist on Mar 3, 2022.
             Was an Initiate of Yredelemnul.
             Engulfed by a cloud of flame (14 damage)
             ... in a volcano.
             The game lasted 00:44:14 (20806 turns).

Woods the Thaumaturge (Gargoyle Ice Elementalist)  Turns: 20806, Time: 00:44:15

Health: -9/77      AC: 16    Str: 15    XL:     12   Next: 62%
Magic:  26/26      EV: 29    Int: 21    God:    Yredelemnul [......]
Gold:   746        SH:  0    Dex: 16    Spells: 20/31 levels left

rFire   . . .      SeeInvis .   z - +4 mace of Honour {vorpal, rN+ Str+3}
rCold   . . .      Faith    .   (no shield)
rNeg    + + .      Spirit   .   a - +0 robe
rPois   ∞          Reflect  .   k - +0 helmet
rElec   +          Harm     .   y - +0 cloak
rCorr   .          Rampage  .   b - +2 pair of gloves
Will    .....                   B - +0 pair of boots
Stlth   +.........              Q - amulet of the acrobat
HPRegen 0.22/turn               d - +6 ring of dexterity
MPRegen 0.20/turn               F - ring of wizardry

@: confused, ambrosia-drunk, acrobatic
A: sickness immunity, AC +8, negative energy resistance 1, electricity
resistance, torment resistance 1, petrification resistance
a: Renounce Religion, Recall Undead Harvest


You were in a volcano.
You worshipped Yredelemnul.
Yredelemnul was aware of your devotion.
You visited 3 branches of the dungeon, and saw 17 of its levels.
You also visited: Volcano.

You collected 746 gold pieces.

Inventory:

Hand Weapons
 q - a +6 vorpal flail
 z - the +4 mace of Honour (weapon) {vorpal, rN+ Str+3}
   (You found it on level 6 of the Dungeon)

   It inflicts extra damage upon your enemies.
   Str:       It affects your strength (+3).
   rN:        It protects you from negative energy.
 C - a +0 eveningstar of freezing
Armour
 a - a +0 robe (worn)
 b - a +2 pair of gloves (worn)
 k - a +0 helmet (worn)
 r - a +0 scale mail
 y - a +0 cloak (worn)
 B - a +0 pair of boots (worn)
 O - a +1 buckler of cold resistance
Jewellery
 d - a +6 ring of dexterity (left hand)
 t - a ring of resist corrosion
 A - a ring of flight
 F - a ring of wizardry (right hand)
 Q - an amulet of the acrobat (around neck)
 T - an amulet of magic regeneration
Wands
 m - a wand of flame (37)
 v - a wand of iceblast (8)
 E - a wand of acid (11)
 I - a wand of digging (11)
 K - a wand of paralysis (4)
 N - a wand of polymorph (5)
Scrolls
 c - a scroll of vulnerability {unknown}
 f - 9 scrolls of identify {unknown}
 g - 5 scrolls of teleportation
 j - 2 scrolls of silence {unknown}
 l - 2 scrolls of enchant armour {unknown}
 n - 2 scrolls of blinking {unknown}
 o - 5 scrolls of enchant weapon
 s - 3 scrolls of magic mapping
 u - a scroll of immolation {unknown}
 w - a scroll of acquirement {unknown}
 G - a scroll of torment {unknown}
 J - 2 scrolls of amnesia {unknown}
 R - a scroll of fog {unknown}
Potions
 e - 3 potions of degeneration {unknown}
 h - 5 potions of lignification
 i - 5 potions of ambrosia
 p - a potion of magic {unknown}
 x - 4 potions of heal wounds {unknown}
 D - a potion of haste {unknown}
 L - 3 potions of flight {unknown}
 M - a potion of berserk rage {unknown}
 P - a potion of mutation {unknown}
 S - a potion of attraction {unknown}
 U - a potion of brilliance {unknown}
Miscellaneous
 H - a lightning rod (4/4)


   Skills:
 - Level 10.0 Fighting
 - Level 8.0 Maces & Flails
 - Level 5.0 Dodging
 - Level 2.1 Stealth
 - Level 10.0 Spellcasting
 - Level 4.0 Conjurations
 + Level 7.9 Ice Magic
 * Level 9.4 Invocations


You had 20 spell levels left.
You knew the following spells:

 Your Spells              Type           Power      Damage    Failure   Level
a - Freeze                Ice            100%       1d11      1%          1
b - Frozen Ramparts       Ice            86%        1d10      1%          3
c - Ozocubu's Armour      Ice            43%        N/A       1%          3
d - Hailstorm             Conj/Ice       35%        3d9       2%          4

Your spell library contained the following spells:

 Spells                   Type           Power      Damage    Failure   Level
 Corpse Rot               Necr/Air       20%        N/A       4%          2
 Poisonous Vapours        Pois/Air       20%        N/A       4%          2
 Gell's Gravitas          Tloc           10%        N/A       8%          3
 Lesser Beckoning         Tloc           10%        N/A       8%          3
 Teleport Other           Tloc           10%        N/A       8%          3


Dungeon Overview and Level Annotations

Branches:
Dungeon (12/15)            Temple (1/1) D:5            Lair (4/6) D:8
 Shoals (0/4) Lair:3        Snake (0/4) Lair:2      Volcano (1/1)
    Orc: D:9-12

Altars:
Ashenzari
Cheibriados
Dithmenos
Elyvilon
Fedhas
Gozag
Hepliaklqana
Kikubaaqudgha
Makhleb
Nemelex Xobeh
Okawaru
Qazlal
Ru
Sif Muna
Trog
Uskayaw
Vehumet
Wu Jian
Xom
Yredelemnul
Zin
The Shining One

Shops:
D:4 (([   D:7 [

Annotations:
D:4 Sigmund
D:10 1 runed translucent door, GloriousHammer's ghost, novice MiBe; Urug


Innate Abilities, Weirdness & Mutations

You are immune to sickness and miasma.
Your stone body is resilient. (AC +8)
You are immune to poison.
You resist negative energy. (rN+)
You are resistant to electric shocks. (rElec)
You are resistant to unholy torment.
You are immune to petrification.


Message History

You are engulfed in blazing flames.
You are engulfed in blazing flames.
The lava snake spits lava at you. The glob of lava misses you.
Really walk into that cloud of flame?
Okay, then.
The lava snake spits lava at you. The glob of lava misses you.
The lava snake spits lava at you. The glob of lava hits you!
The lava snake spits lava at you. The glob of lava hits you!
The lava snake spits lava at you. The glob of lava misses you.
You start resting.
A lava snake is nearby!
The lava snake spits lava at you. The glob of lava misses you.
The lava snake spits lava at you. The glob of lava hits you!
The lava snake spits lava at you. The glob of lava misses you.
The lava snake spits lava at you. The glob of lava hits you!
* * * LOW HITPOINT WARNING * * *
As you read the scroll of teleportation, it crumbles to dust.
You feel strangely unstable.
Your surroundings suddenly seem different.
The air gets thick with the scent of sulphur.
The volcano roars to life, belching forth lava!
You are engulfed in blazing flames.
* * * LOW HITPOINT WARNING * * *
Unknown command.
Okay, then.
Unknown command.
It was a potion of ambrosia.
You are confused.
You feel invigorated.
You are engulfed in blazing flames.
You die...
Your body rises from the dead as a mindless zombie.

### ### ##.#.#@###.###
#○○☼°○○○☼○☼°○##
#○☼☼○○☼○○○○○○○○##
○°☼○○☼☼○☼○☼○☼°°.###
°☼§○°§§§○○☼°§○○...###
.§§○°○§≈○○°§≈°°.....###
≈§§○○§§§§§○○§°☼≈......#
§§≈○°≈§§§§§≈○○○≈......##
§§..≈§§≈§≈≈≈≈≈≈§.....#


There were no monsters in sight!

Vanquished Creatures
  A hydra (Lair:2)
  2 elephants (Lair:3)
  A merfolk siren (Lair:3)
  A rime drake (Lair:1)
  3 komodo dragons
  2 cane toads (Lair:2)
  2 trolls
  3 polar bears (Lair:1)
  Grinder (D:5)
  6 blink frogs (Lair:2)
  A wraith (D:7)
  2 vampire mosquitoes (D:7)
  18 yaks
  Menkaure (D:5)
  Edmund (D:4)
  An acid dragon (D:11)
  3 water moccasins
  5 orc warriors
  2 sky beasts
  5 black bears
  2 blink frog zombies (Lair:2)
  5 centaurs
  A phantom (D:6)
  2 kobold brigands
  A gnoll sergeant (D:11)
  8 bullfrogs
  A wyvern zombie (D:9)
  2 scorpions (D:8)
  7 wights
  3 killer bees (D:9)
  3 howler monkeys
  A bullfrog zombie (D:6)
  3 hounds
  8 orc priests
  Crazy Yiuf (D:6)
  2 gnoll shamans (D:7)
  A centaur skeleton (D:5)
  Natasha (thrice) (D:2)
  3 iguanas
  6 orc wizards
  A killer bee zombie (D:6)
  2 hound skeletons (D:4)
  4 gnolls (D:11)
  8 adders
  4 ufetubi
  A worm (D:2)
  6 dart slugs
  19 orcs
  4 endoplasms
  A giant cockroach (D:3)
  7 goblins
  5 hobgoblins
  6 jackals
  3 quokkas
  4 ball pythons
  2 bats
  2 frilled lizards
  13 kobolds
  5 rats
221 creatures vanquished.

Vanquished Creatures (collateral kills)
  An elephant (Lair:3)
  A merfolk siren (Lair:3)
  A gargoyle (D:7)
  Joseph (D:8)
  A cane toad (Lair:1)
  A polar bear (Lair:2)
  4 blink frogs (Lair:2)
  Prince Ribbit (D:5)
  10 yaks
  A wyvern (Lair:4)
  A steam dragon (D:10)
  2 water moccasins
  An ice beast (D:5)
  An orc warrior (D:9)
  2 black bears (Lair:1)
  A kobold brigand (D:9)
  7 killer bees (D:9)
  An electric eel (Lair:3)
  An orc priest (D:9)
  4 orc wizards (D:9)
  A howler monkey zombie (D:11)
  A gnoll (D:11)
  A shadow imp (D:7)
  5 orcs (D:9)
  7 kobolds (D:9)
58 creatures vanquished.

Vanquished Creatures (others)
  3 blink frog zombies (Lair:2)
  A vampire mosquito zombie (D:7)
  A komodo dragon zombie (D:7)
  A water moccasin zombie (D:7)
  2 bullfrog zombies
  A centaur zombie (D:7)
  A black bear zombie (Lair:1)
  2 killer bee zombies (D:9)
  2 howler monkey zombies (D:7)
  A gnoll zombie (D:7)
  A spectral shadow imp (D:7)
  2 kobold zombies (D:7)
  8 orc zombies
  24 fungi
  37 plants
87 creatures vanquished.

Grand Total: 366 creatures vanquished

Notes
Turn   | Place    | Note
-------+----------+-------------------------------------------
     0 | D:1      | Woods the Gargoyle Ice Elementalist began the quest for the
                  | Orb.
     0 | D:1      | Reached XP level 1. HP: 10/10 MP: 3/3
   411 | D:1      | Reached XP level 2. HP: 10/15 MP: 1/5
  1414 | D:1      | Reached XP level 3. HP: 19/19 MP: 2/6
  1522 | D:2      | Learned a level 3 spell: Frozen Ramparts
  1526 | D:2      | Learned a level 3 spell: Ozocubu's Armour
  1981 | D:2      | Reached XP level 4. HP: 24/24 MP: 1/8
  2470 | D:2      | Noticed Natasha
  2491 | D:2      | Killed Natasha
  2492 | D:2      | Reached skill level 5 in Ice Magic
  2640 | D:2      | Noticed Natasha
  2651 | D:2      | Killed Natasha
  2652 | D:2      | Reached XP level 5. HP: 22/28 MP: 5/10
  2657 | D:2      | Learned a level 4 spell: Hailstorm
  2696 | D:2      | Noticed Natasha
  2701 | D:2      | Killed Natasha
  2978 | D:3      | Noticed an ice beast
  3438 | D:3      | Found a faded altar of an unknown god.
  3467 | D:3      | Reached XP level 6. HP: 15/32 MP: 7/12
  4411 | D:4      | Found Unnoluna's Armour Shoppe.
  4471 | D:4      | Found Xigroti's Weapon Emporium.
  4556 | D:4      | Reached skill level 5 in Spellcasting
  4794 | D:4      | Noticed Sigmund
  5302 | D:4      | Found Hass's Antique Weapon Shoppe.
  5333 | D:4      | Noticed Edmund
  5354 | D:4      | Killed Edmund
  5355 | D:4      | Reached XP level 7. HP: 9/36 MP: 3/15
  5771 | D:5      | Entered Level 5 of the Dungeon
  5819 | D:5      | Reached skill level 1 in Fighting
  6013 | D:5      | Noticed Menkaure
  6023 | D:5      | Killed Menkaure
  6150 | D:5      | Found a staircase to the Ecumenical Temple.
  6166 | Temple   | Entered the Ecumenical Temple
  6282 | Temple   | Became a worshipper of Yredelemnul the Dark
  6332 | D:5      | Reached skill level 1 in Maces & Flails
  6332 | D:5      | Reached XP level 8. HP: 32/45 MP: 10/17
  6471 | D:5      | Noticed Grinder
  6491 | D:5      | Killed Grinder
  6491 | D:5      | Reached * piety under Yredelemnul
  6770 | D:5      | Noticed Prince Ribbit
  6779 | D:5      | Killed Prince Ribbit
  7026 | D:5      | Found a white marble altar of Elyvilon.
  7104 | D:6      | Found a runed translucent door.
  7105 | D:6      | Identified the +4 mace of Honour {vorpal, rN+ Str+3}
  7105 | D:6      | Noticed Crazy Yiuf
  7112 | D:6      | Killed Crazy Yiuf
  7246 | D:6      | Reached skill level 5 in Fighting
  7259 | D:6      | Reached XP level 9. HP: 29/54 MP: 9/18
  7615 | D:6      | Found a stormy altar of Qazlal.
  8231 | D:7      | Noticed a two-headed ogre
  8231 | D:7      | Noticed a gargoyle
  8246 | D:7      | Noticed a troll
  8271 | D:7      | HP: 2/54 [troll (2)]
  8612 | D:7      | Reached skill level 1 in Conjurations
  8612 | D:7      | Reached skill level 1 in Invocations
  9534 | D:7      | Noticed a gargoyle
  9663 | D:7      | Found Bublyoguv's Antique Armour Boutique.
  9687 | D:7      | Noticed a komodo dragon
  9701 | D:7      | Killed a komodo dragon
  9702 | D:7      | Reached skill level 5 in Maces & Flails
  9702 | D:7      | Reached skill level 5 in Dodging
  9847 | D:7      | Found a shimmering altar of Xom.
  9866 | D:7      | Reached ** piety under Yredelemnul
  9882 | D:7      | Killed a gargoyle
  9889 | D:7      | Reached *** piety under Yredelemnul
  9889 | D:7      | Reached XP level 10. HP: 38/59 MP: 5/20
  9913 | D:7      | Reached skill level 5 in Invocations
 10980 | D:8      | Found a bloodstained altar of Trog.
 11210 | D:8      | Found a staircase to the Lair.
 11526 | D:8      | Identified the +6 quarterstaff "Raijon" {flame, MP+9 Dex+5}
 11725 | D:8      | Noticed Joseph
 11744 | D:8      | Killed Joseph
 12581 | D:9      | Reached skill level 10 in Spellcasting
 12964 | D:9      | Reached XP level 11. HP: 60/64 MP: 18/25
 12974 | D:9      | Reached **** piety under Yredelemnul
 13316 | D:10     | Entered Level 10 of the Dungeon
 13316 | D:10     | Found an iron altar of Okawaru.
 13316 | D:10     | Found a shimmering blue altar of Sif Muna.
 13631 | D:10     | Noticed Urug
 13726 | D:10     | Found a snail-covered altar of Cheibriados.
 13726 | D:10     | Found a hide-covered altar of Uskayaw.
 13730 | D:10     | Found a blossoming altar of Fedhas.
 13732 | D:10     | Found a glowing silver altar of Zin.
 13735 | D:10     | Found a radiant altar of Vehumet.
 13736 | D:10     | Found an ancient bone altar of Kikubaaqudgha.
 13830 | D:10     | HP: 1/66 [Urug/+5 long sword (20)]
 14036 | D:10     | Found a runed translucent door.
 14037 | D:10     | Noticed GloriousHammer's ghost (novice MiBe)
 14038 | D:10     | Identified the +5 spear "Axuuru Siudgh" {vorpal, rPois
                  | Int+5}
 14259 | D:10     | Found a sparkling altar of Nemelex Xobeh.
 14300 | D:10     | You fall into a shaft and drop 2 floors!
 14300 | D:12     | Noticed a manticore
 14315 | D:11     | Found a sacrificial altar of Ru.
 14352 | D:11     | Noticed a centaur warrior
 16108 | Lair:1   | Entered Level 1 of the Lair of Beasts
 17251 | Lair:1   | Reached ***** piety under Yredelemnul
 17550 | Lair:1   | You fall into a shaft and drop 1 floor!
 18114 | Lair:2   | Noticed a four-headed hydra
 18125 | Lair:2   | Killed a four-headed hydra
 18132 | Lair:2   | Reached XP level 12. HP: 62/75 MP: 7/26
 18781 | Lair:2   | Found a staircase to the Snake Pit.
 18824 | Lair:2   | Identified the +6 dagger "Apig" {venom, rElec}
 19764 | Lair:3   | Noticed Snorg
 19776 | Lair:3   | Killed Snorg
 19776 | Lair:3   | Enslaved Snorg
 20264 | Lair:3   | Reached skill level 10 in Fighting
 20284 | Lair:3   | Found a staircase to the Shoals.
 20681 | Lair:4   | Found a dark tunnel.
 20721 | Volcano  | Entered a volcano
 20806 | Volcano  | Engulfed by a cloud of flame

Illustrated notes

Levels and vault maps discovered:
D:1:      nagdon_arrival_double_spiral, layout_basic
D:2:      minmay_alternating_diamond, layout_basic, serial_bayou_lake_a,
          uniq_natasha
D:3:      minmay_door_path, layout_rooms, nicolae_ecumenical_lake_church,
          chequers_serial_rivers_large_a
D:4:      layout_basic, serial_shops, shop, shop, shop, uniq_edmund,
          uniq_sigmund
D:5:      layout_loops_cross, marbit_many_paths, minmay_temple_entry_junction_2,
          uniq_prince_ribbit1, uniq_grinder, uniq_menkaure
D:6:      layout_basic, nicolae_qazlal_general_emergency,
          uniq_crazy_yiuf_cottage
D:7:      minmay_the_grid_plus_closed [minmay_the_grid_zigzag_pyramid,
          minmay_the_grid_outer_circle, minmay_the_grid_gridbox,
          minmay_the_grid_expand, minmay_the_grid_prize_four_corners],
          layout_layer_cave, dk_xom_monty_hall, serial_shops, shop
D:8:      layout_basic, trog_butcher_becter, lair_entry_dummy, uniq_joseph
D:9:      layout_rooms
D:10:     layout_roguey, nemelex_spade_bored_becter,
          nicolae_overflow_hallway_of_the_gods, ebering_ghost_funeral_grove,
          kennysheep_nub, chequers_serial_rivers_micro_a, serial_bayou_pond_c,
          uniq_urug
D:11:     layout_basic, st_stairs_8, nicolae_ru_sacrificial_ziggurat
D:12:     layout_loops_ring, orc_0_dummy, nrook_mini_backslash, roderic_batcave
Temple:   jpeg_temple_island
Lair:1:   beast_lair_carwin_large_1, layout_cave_pods
Lair:2:   layout_loops_ring, dummy_snake_entry
Lair:3:   layout_roguey, elwin_shoals_entry_rooms, uniq_snorg
Lair:4:   layout_cellular_growth, nicolae_volcano_entry_lava_flow
Volcano:  volcano_lake [vl_original]

Skill      XL: |  1  2  3  4  5  6  7  8  9 10 11 12 |
---------------+-------------------------------------+-----
Spellcasting   | 3 4 5 6 7 10 | 10.0
Ice Magic      | 5 6 7 |  7.9
Fighting       | 2 5 8 10 | 10.0
Dodging        | 2 4 5 |  5.0
Maces & Flails | 1 4 5 8 |  8.0
Conjurations   | 4 |  4.0
Invocations    | 4 5 7 9 |  9.4
Stealth        | |  2.1

Action                   |  1- 3 |  4- 6 |  7- 9 | 10-12 || total
-------------------------+-------+-------+-------+-------++-------
Melee: Unarmed           |    14 |    51 |       |       ||    65
       Flail             |       |       |    37 |       ||    37
       Mace              |       |       |    65 |   277 ||   342
       Punch             |       |       |     1 |     6 ||     7
 Cast: Freeze            |    54 |    48 |    40 |    46 ||   188
       Frozen Ramparts   |     2 |    17 |    24 |    49 ||    92
       Ozocubu's Armour  |       |     4 |    21 |    50 ||    75
       Hailstorm         |       |     1 |       |    18 ||    19
Invok: Recall Undead Har |       |       |     2 |    11 ||    13
       Dark Bargain      |       |       |       |     3 ||     3
       Bind Soul         |       |       |       |     1 ||     1
  Use: Scroll            |       |     1 |     3 |     2 ||     6
       Potion            |       |       |       |     5 ||     5
 Stab: Distracted        |       |       |       |     4 ||     4
       Sleeping          |       |       |       |     1 ||     1
Armor: Robe              |    17 |    56 |    70 |   217 ||   360
Dodge: Dodged            |    23 |    78 |    93 |   286 ||   480
